 Dungeon Crawl Stone Soup version 0.19-a0-450-g98b348d (webtiles) character file.

2653302 namelastname112 the Swordmaster (level 27, 257/257 (259) HPs)
             Began as a Red Draconian Wanderer on June 1, 2016.
             Was the Champion of Pakellas.
             Escaped with the Orb
             ... and 5 runes!
             The game lasted 03:44:06 (97696 turns).

namelastname112 the Swordmaster (DrWn)             Turns: 97696, Time: 03:44:08

HP:   257/257 (259) AC: 29    Str: 27    XL:     27
MP:   41/49         EV: 37    Int: 13    God:    Pakellas [******]
Gold: 4748          SH: 21    Dex: 18    Spells: 4 memorised, 22 levels left

rFire  + + .     SeeInvis .     a - +9 double sword (holy)
rCold  + . .     Gourm    .     (armour unavailable)
rNeg   + . .     Faith    .     c - +3 shield
rPois  +         Spirit   .     (helmet unavailable)
rElec  .         Dismiss  .     J - +1 cloak of Day {rCorr MP+9 Str+4 Dex+2}
rCorr  +         Reflect  .     n - +2 pair of gloves {Str+3}
SustAt .         Harm     .     k - +2 pair of boots {run}
MR     ++...                    V - macabre finger necklace {rN+}
Stlth  +.........               N - ring of Robustness {AC+8}
                                G - ring of Shaolin {EV+8}
                                v - ring of Pasube {rPois rF+ rC+ Str+3 Dex-3}

@: repel missiles, quick, very resistant to hostile enchantments, very
unstealthy
A: breathe fire, unfitting armour, big wings, horns 3, blink, blurry vision 1,
dopey 1, fire resistance 1, screaming 2, cold-blooded, subdued magic 1, AC +13
a: Breathe Fire, Fly, Blink, Quick Charge, Device Surge, Renounce Religion
0: Orb of Zot
}: 5/15 runes: barnacled, slimy, silver, abyssal, gossamer


You escaped.
You worshipped Pakellas.
Pakellas was exalted by your worship.
You were not hungry.

You visited 12 branches of the dungeon, and saw 61 of its levels.
You visited the Abyss 2 times.
You visited 1 bazaar.
You visited 1 ziggurat, and saw 11 of its levels.
You also visited: Labyrinth, Ossuary and Volcano.

You collected 9100 gold pieces.
You spent 4320 gold pieces at shops.

Inventory:

Hand Weapons
 a - a +9 double sword of holy wrath (weapon)
 W - the +9 sword of Zonguldrok {reap}
   (You found it on level 10 of a ziggurat)

   If a monster killed with it leaves a corpse in good enough shape, the corpse
   will be animated as a zombie friendly to the killer.
Missiles
 S - 9 throwing nets (quivered)
Armour
 c - a +3 shield (worn)
 k - a +2 pair of boots of running (worn)
 n - a +2 pair of gloves of strength (worn)
 r - the +3 hat of Pondering {ponderous, MR+ MP+10 Int+5}
   (You took it off Gastronok on level 9 of the Dungeon)

   It affects your intelligence (+5).
   It affects your resistance to hostile enchantments.
   It affects your magic capacity (+10).
 J - the +1 cloak of Day (worn) {rCorr MP+9 Str+4 Dex+2}
   (You bought it in a shop on level 12 of the Dungeon)

   It affects your strength (+4).
   It affects your dexterity (+2).
   It affects your magic capacity (+9).
   It protects you from acid and corrosion.
Rods
 b - a +9 rod of shadows (17/17)
   (Pakellas gifted it to you on level 9 of the Dungeon)
 l - a +2 rod of inaccuracy (11/11)
   (You found it on level 2 of the Depths)
 m - a +0 rod of ignition (10/10)
   (You found it on level 3 of the Crypt)
 s - a +4 rod of clouds (10/10)
   (You took it off a vault guard on level 5 of the Vaults)
 B - a +9 rod of inaccuracy (17/17)
   (You acquired it on level 1 of the Lair of Beasts)
 E - a +9 rod of inaccuracy (15/15)
   (You found it on level 3 of the Elven Halls)
 X - a +9 iron rod (17/17)
   (You acquired it on level 1 of the Lair of Beasts)
 Z - a +10 supercharged rod of clouds (18/18)
   (You took it off a minotaur in a labyrinth)
Jewellery
 v - the ring of Pasube (on amulet) {rPois rF+ rC+ Str+3 Dex-3}
   (You found it on level 6 of the Pits of Slime)

   [ring of protection from cold]

   It affects your strength (+3).
   It affects your dexterity (-3).
   It protects you from fire.
   It protects you from cold.
   It protects you from poison.
 C - the ring of Vaesivem {rPois Str+2 Slay+3}
   (You bought it in a shop on level 1 of the Elven Halls)

   [ring of poison resistance]

   It affects your strength (+2).
   It affects your accuracy and damage with ranged weapons and melee attacks
   (+3).
   It protects you from poison.
 G - the ring of Shaolin (left hand) {EV+8}
   (You bought it in a shop on level 4 of the Vaults)

   [ring of evasion]

   It affects your evasion (+8).
 N - the ring of Robustness (right hand) {AC+8}
   (You took it off a vault guard on level 5 of the Vaults)

   [ring of protection]

   It affects your AC (+8).
 V - the macabre finger necklace (around neck) {rN+}
   (You took it off a deep elf master archer on level 3 of the Elven Halls)

   [amulet of nothing]

   It protects you from negative energy.
Wands
 w - a wand of heal wounds (9/9)
 A - a wand of hasting (4/9)
 H - a wand of teleportation (8/9)
 T - a wand of digging (9/24)
Scrolls
 i - 34 scrolls of remove curse
 t - 17 scrolls of teleportation
 u - 3 scrolls of summoning
 y - a scroll of blinking
 D - 5 scrolls of fog
 K - 9 scrolls of magic mapping
 L - 33 scrolls of identify
Potions
 h - 13 potions of might
 j - 101 potions of magic
 o - 3 potions of ambrosia
 z - 5 potions of invisibility
 F - 21 potions of curing
 O - 3 potions of cancellation
 P - 5 potions of resistance
 Q - 6 potions of agility
 R - 5 potions of haste
Miscellaneous
 e - a lamp of fire
 g - a box of beasts {used: 3}
 q - a sack of spiders {used: 2}
 x - a fan of gales
 I - a sack of spiders
 M - a sack of spiders
 U - a phial of floods
 Y - a box of beasts
Comestibles
 d - 82 fruits
 f - 13 bread rations


   Skills:
 + Level 23.5 Fighting
 O Level 27 Long Blades
 + Level 20.3 Dodging
 - Level 1.1 Stealth
 + Level 21.7 Shields
 - Level 2.1 Spellcasting
 - Level 3.0 Air Magic
 O Level 27 Evocations


You had 22 spell levels left.
You knew the following spells:

 Your Spells              Type           Power        Failure   Level  Hunger
a - Repel Missiles        Chrm/Air       #.....       17%         2    ###....
b - Blink                 Tloc           N/A          34%         2    ###....
d - Regeneration          Chrm/Necr      #.........   73%         3    ####...
e - Apportation           Tloc           #.........   21%         1    ##.....


Dungeon Overview and Level Annotations

Branches:
Dungeon (15/15)            Temple (1/1) D:7            Lair (8/8) D:9
 Shoals (4/4) Lair:5       Spider (4/4) Lair:3        Slime (6/6) Lair:6
    Orc (2/2) D:12            Elf (3/3) Orc:2        Vaults (5/5) D:13
  Crypt (3/3) Vaults:2       Tomb (0/3) Crypt:3      Depths (5/5) D:15
    Zot (5/5) Depths:5

Altars:
Ashenzari
Cheibriados
Dithmenos
Elyvilon
Fedhas
Gozag
Hepliaklqana
Kikubaaqudgha
Makhleb
Nemelex Xobeh
Okawaru
Pakellas
Qazlal
Ru
Sif Muna
Trog
Uskayaw
Vehumet
Xom
Yredelemnul
Zin
The Shining One
Beogh

Shops:
D:8 ?   D:9 (   D:12 ([%[   D:13 !   Orc:1 ?   Orc:2 ?[((   Elf:1 =
Vaults:1 *?   Vaults:4 =}([(   Depths:5 *

Portals:
Hell: Depths:1 Depths:2 Depths:3 Depths:4 Depths:5
Abyss: Depths:2 Depths:4 Depths:5
Pandemonium: Depths:3

Annotations:
Elf:2 3 runed doors
Elf:3 Roxanne
Vaults:4 Sojobo


Innate Abilities, Weirdness & Mutations

You can breathe blasts of fire.
Your fiery red scales are hard. (AC +13)
Your body does not fit into most forms of armour.
Your flesh is heat resistant. (rF+)
You are cold-blooded and may be slowed by cold attacks.
Your large and strong wings let you fly indefinitely.
You have a pair of large horns on your head.
You can translocate small distances at will.
Scrolls take you a little longer to read.
You are dopey. (Int -2)
You sometimes yell uncontrollably at your foes.
Your spells are a little easier to cast, but a little less powerful.


Message History

There is a stone staircase leading up here.
You climb upwards.
There is a stone staircase leading down here.
You see here a club.
A rat comes into view.
You can't go up here!
You slice the rat!!
You kill the rat!
Pakellas accepts your kill.
You feel your power returning.
No target in view!
No target in view!
(D) Dungeon (T) Temple (L) Lair (A) Shoals (N) Spider Nest (M) Slime Pits (O) Orcish Mines (E) Elven Halls (V) Vaults (C) Crypt (W) Tomb (U) Depths (H) Hell (Z) Zot
Where to? (Enter - D:1 @ (x,y), ? - help)
You see here a rat corpse.
There is a staircase leading out of the dungeon here.
You have escaped!

.# ########.###.##.### #.# .#
#.................# #.# .#
#.##..#.#>##..##..######.# ##
#.....######.............#
##.##.## ##.##..########
####..>### ###...#########
#.....##.## ##.##...........
#.##.)....######.....##########
#.##..##..##>#@#..##...........
#.##....[............#######...
##.##.#######..#.###### #.##
##...#.########.#.##### #.#
......................# #.#
##...#.########.#.###.# #.#
##.#### #...# #.########.# #.#
#.### #..........# #.# #.#
############


There were no monsters in sight!

Vanquished Creatures
  the Royal Jelly (Slime:6)
  9 orbs of fire
  4 ancient liches
  3 juggernauts
  Saint Roka (Vaults:4)
  4 Killer Klowns
  4 caustic shrikes
  11 golden dragons
  3 curse toes
  Jory (Depths:3)
  A bone dragon (Depths:5)
  An electric golem (Zot:5)
  19 tentacled monstrosities
  A hellephant (Zig:7)
  21 Orb Guardians
  12 liches
  A Hell Sentinel (Zig:11)
  4 deep elf master archers (Elf:3)
  5 deep elf blademasters (Elf:3)
  18 acid blobs
  3 titans (Vaults:5)
  2 tentacled starspawn
  A pandemonium lord (Depths:5)
  7 death cobs
  12 sphinxes
  11 shadow dragons
  4 ancient champions
  Agnes (D:14)
  Gastronok (D:9)
  9 tengu reavers
  21 storm dragons
  5 draconian monks
  Ilsuiw (Shoals:4)
  A daeva (Abyss:5)
  7 revenants
  14 azure jellies
  3 ghost moths
  6 draconian knights
  4 deep elf sorcerers
  10 fire giants
  13 vault wardens
  15 frost giants
  6 iron dragons
  13 draconian scorchers
  11 draconian shifters
  6 draconian zealots
  Aizul (Vaults:1)
  4 curse skulls
  6 emperor scorpions (Spider:4)
  4 deep elf elementalists
  10 ghouls
  3 reapers
  25 stone giants
  A spriggan defender (Depths:3)
  10 green draconians
  7 draconian annihilators
  A war gargoyle (Vaults:5)
  19 very ugly things
  21 ironheart preservers
  3 vampire knights
  11 draconian callers
  13 red draconians
  8 deep elf annihilators
  3 deep elf demonologists
  14 black draconians
  Azrael (D:14)
  15 yellow draconians
  14 purple draconians
  6 dire elephants
  16 mottled draconians
  15 white draconians
  13 spark wasps
  A blizzard demon (Abyss:3)
  A crystal guardian (Vaults:4)
  17 ettins
  An ettin (shapeshifter) (Vaults:5)
  A minotaur (Lab)
  11 deep elf death magi
  10 jiangshi
  5 merfolk javelineers
  10 merfolk impalers
  27 fire dragons
  10 death oozes
  27 vault guards
  12 eidola
  19 yaktaur captains
  5 deep elf high priests
  9 entropy weavers
  18 great orbs of eyes
  An ice dragon (shapeshifter) (Depths:4)
  5 rakshasas
  Fannar (D:10)
  3 quicksilver dragon skeletons
  Harold (D:15)
  A hell beast (Depths:4)
  8 hydras
  5 spriggan air magi
  27 ice dragons
  3 alligator snapping turtles (Shoals:4)
  8 death knights
  15 ogre magi
  An anaconda (Lair:8)
  4 merfolk avatars
  10 centaur warriors
  5 merfolk aquamancers (Shoals:4)
  A ghost crab (shapeshifter) (Vaults:1)
  3 catoblepae
  2 alligators (Zig:10)
  A satyr (Shoals:4)
  18 dancing weapons
  7 deep troll earth magi
  10 deep troll shamans
  6 tengu warriors
  4 death yaks
  7 thrashing horrors
  8 vampire magi
  A shock serpent (shapeshifter) (Depths:2)
  4 orc high priests (Orc:2)
  Urug (Lair:3)
  2 naga sharpshooters (Zig:6)
  4 soul eaters
  7 spriggan berserkers
  Sonja (D:11)
  11 hell knights
  14 deep elf knights
  3 titan skeletons
  A sun demon (Zot:5)
  17 shadow wraiths
  2 fire crabs (Vaults:1)
  A fire crab (shapeshifter) (Vaults:3)
  4 iron trolls
  2 spatial maelstroms
  2 sea snakes (shapeshifter)
  A hellephant skeleton (Crypt:2)
  3 unseen horrors
  15 sea snakes
  4 giant orange brains
  22 skeletal warriors
  A storm dragon skeleton (Vaults:3)
  28 deep trolls
  A quicksilver dragon simulacrum (Crypt:3)
  A spriggan druid (Zig:10)
  A death drake (Zot:5)
  4 swamp dragons
  An unseen horror (shapeshifter) (Vaults:3)
  A torturous demonspawn (Zig:11)
  9 flayed ghosts
  14 ironbrand convokers
  A lindwurm (Zig:7)
  2 spectral wolf spiders (Crypt:3)
  17 deep elf archers
  15 necromancers
  A frost giant zombie (Crypt:2)
  12 hill giants
  3 wizards
  5 orc knights
  An anaconda skeleton (Crypt:3)
  A golden dragon skeleton (Crypt:3)
  12 harpies
  3 orc sorcerers
  29 phantasmal warriors
  62 deep elf magi
  6 oklob plants (Zig:6)
  17 orb spiders
  14 griffons
  29 wolf spiders
  7 hornets
  15 cyclopes
  3 fauns
  44 ugly things
  10 sirens
  A salamander (Depths:2)
  6 shining eyes
  2 toenail golems (Volcano)
  A stone giant zombie (Crypt:3)
  16 manticores
  An iron dragon skeleton (Crypt:1)
  2 stone giant skeletons
  A dire elephant zombie (Crypt:2)
  A fire giant skeleton (Zig:5)
  16 elephants
  5 water nymphs
  35 moths of wrath
  19 vault sentinels
  5 rust devils
  A titan simulacrum (Crypt:3)
  2 molten gargoyles (Volcano)
  A black mamba (shapeshifter) (Vaults:2)
  3 black mambas
  2 apocalypse crabs
  An eye of devastation (Slime:4)
  A white draconian zombie (Crypt:3)
  16 spiny frogs
  3 smoke demons
  5 torpor snails
  A hellion (Zig:5)
  7 komodo dragons
  A kobold demonologist (Vaults:3)
  A rime drake (shapeshifter) (Depths:4)
  49 yaktaurs
  A red draconian zombie (Crypt:2)
  2 rime drakes
  2 efreet
  7 demonic crawlers
  A purple draconian skeleton (Crypt:1)
  19 freezing wraiths
  A hellwing (Depths:5)
  A tengu conjurer (Depths:5)
  3 trolls
  A guardian mummy (Crypt:3)
  2 ancient zymes (Abyss:5)
  3 red devils
  3 polar bears
  A wolf spider simulacrum (Crypt:3)
  22 merfolk
  2 wind drakes (Shoals:4)
  2 wind drakes (shapeshifter)
  33 jumping spiders
  A spectral harpy (Crypt:3)
  Grinder (D:3)
  70 slime creatures
  3 raiju
  28 two-headed ogres
  A slime creature (shapeshifter) (Depths:1)
  A blink frog (shapeshifter) (Vaults:1)
  13 blink frogs
  7 boulder beetles
  A shapeshifter (Vaults:3)
  7 snapping turtles
  A spectral black mamba (Crypt:3)
  93 redbacks
  29 water elementals
  9 air elementals
  23 flying skulls
  14 shadows
  16 wraiths
  13 small abominations
  A ynoxinul (Abyss:3)
  A wyvern (shapeshifter) (Vaults:3)
  A fire dragon skeleton (Crypt:3)
  A hog (shapeshifter) (Zig:9)
  40 tarantellas
  A basilisk (Lair:5)
  7 large abominations
  39 yaks
  4 vampires
  A wyvern (D:12)
  8 fire elementals
  12 humans (D:13)
  5 hogs
  Grum (D:11)
  A hippogriff (shapeshifter) (D:15)
  A fire bat (Abyss:3)
  8 golden eyes
  3 basilisks (shapeshifter)
  6 hungry ghosts
  13 hippogriffs
  4 chaos spawn
  3 neqoxecs
  A mottled dragon (shapeshifter) (Vaults:3)
  Menkaure (Ossuary)
  A deep troll zombie (Crypt:3)
  14 vampire mosquitoes
  3 mottled dragons
  A warg (Orc:1)
  A gelid demonspawn zombie (Crypt:3)
  The ghost of Duffy the Chopper, an amateur GrFi (D:5)
  A swamp worm (shapeshifter) (Vaults:2)
  11 porcupines
  2 hell hounds (D:14)
  13 water moccasins
  A porcupine (shapeshifter) (D:15)
  A spiny frog zombie (Crypt:3)
  3 swamp drakes (Zig:10)
  6 ice beasts
  39 orc warriors
  2 wasps
  A water nymph skeleton (Crypt:2)
  An eye of draining (shapeshifter) (Elf:2)
  6 sky beasts
  5 black bears
  An ettin simulacrum (Crypt:2)
  4 necrophages
  A phantom (D:5)
  7 boggarts (Vaults:1)
  A blink frog zombie (Crypt:2)
  70 ogres
  4 eyes of draining
  7 wolves
  13 centaurs
  23 crocodiles
  A swamp dragon skeleton (Crypt:1)
  A torpor snail zombie (Crypt:3)
  An elf skeleton (Vaults:3)
  A draconian zombie (Crypt:2)
  5 big kobolds
  23 giant frogs
  A draconian skeleton (Crypt:1)
  2 earth elementals (Elf:3)
  A gnoll sergeant (D:10)
  A water moccasin skeleton (D:8)
  3 scorpions
  5 killer bees (D:7)
  A raiju zombie (Crypt:1)
  14 wights
  3 howler monkeys
  An electric eel (Lair:4)
  A polar bear skeleton (Crypt:3)
  11 crimson imps
  2 giant frog zombies
  6 centaur zombies
  7 hounds
  18 jellies
  11 starcursed masses
  7 centaur skeletons
  30 orc priests
  35 orc wizards
  A black bear skeleton (Crypt:3)
  A human skeleton (Crypt:3)
  6 iguanas
  Natasha (thrice) (D:2)
  14 worker ants
  A boulder beetle simulacrum (Vaults:3)
  23 sheep
  A tengu zombie (Crypt:1)
  A naga skeleton (Crypt:2)
  15 mummies
  2 worker ant zombies
  A howler monkey skeleton (D:9)
  13 adders
  14 gnolls
  An adder (shapeshifter) (Depths:3)
  66 river rats
  5 shadow imps
  A white imp (Depths:5)
  2 ufetubi
  An ooze (D:1)
  3 worms
  A worm (shapeshifter) (Depths:4)
  3 dart slugs
  4 giant geckos
  119 orcs
  2 bats
  A bat skeleton (Crypt:3)
  A bat zombie (Crypt:3)
  3 giant cockroaches
  7 gnoll zombies
  8 goblins
  7 hobgoblins
  10 jackals
  12 quokkas
  A ball python zombie (Crypt:3)
  2 giant gecko zombies
  3 giant newts
  3 gnoll skeletons (Ossuary)
  A goblin skeleton (Ossuary)
  3 goblin zombies (Ossuary)
  A hobgoblin skeleton (Ossuary)
  3 hobgoblin zombies (Ossuary)
  A jackal skeleton (D:4)
  18 kobolds
  2 kobold skeletons (Ossuary)
  3 orc skeletons (Ossuary)
  3 orc zombies (Ossuary)
  3 quokka skeletons
  A quokka zombie (Crypt:1)
  10 rats
  2 rat skeletons (Ossuary)
  A rat zombie (Ossuary)
  2 crawling corpses (Elf:3)
  A lost soul (Crypt:3)
  12 plants
  A starspawn tentacle (Zig:9)
3067 creatures vanquished.

Vanquished Creatures (collateral kills)
  A juggernaut (Depths:3)
  A Killer Klown (Zot:5)
  A golden dragon (shapeshifter) (Depths:3)
  A golden dragon (Zot:1)
  A bone dragon (Zig:9)
  6 Orb Guardians
  A titan (Vaults:5)
  A tentacled monstrosity (Zot:4)
  A tengu reaver (Depths:4)
  Kirke (D:14)
  A shadow dragon (Zot:5)
  A draconian monk (Zig:8)
  2 azure jellies
  Donald (D:15)
  2 frost giants
  A fire giant (Vaults:5)
  A vault warden (Vaults:4)
  A balrug (Depths:3)
  A draconian zealot (Zot:2)
  2 very ugly things (Vaults:5)
  An ironheart preserver (Vaults:4)
  A vampire knight (Depths:4)
  A deep elf demonologist (Elf:2)
  A stone giant (Depths:5)
  2 green draconians
  A black draconian (Zot:2)
  A red draconian (Zot:5)
  2 purple draconians
  3 white draconians
  A spark wasp (Depths:3)
  2 yellow draconians
  A spark wasp (shapeshifter) (Vaults:5)
  A deep elf death mage (Elf:3)
  An eidolon (Zig:9)
  2 ettins (Vaults:5)
  4 vault guards
  A hydra (D:12)
  2 merfolk impalers (Shoals:4)
  2 spriggan air magi
  2 merfolk avatars
  An alligator snapping turtle (Shoals:4)
  A centaur warrior (D:15)
  2 ogre magi (Depths:3)
  A deep troll earth mage (Depths:3)
  An orc high priest (Orc:2)
  5 death yaks
  3 dancing weapons
  A hell knight (Volcano)
  Nergalle (Orc:1)
  A giant orange brain (Slime:4)
  A skeletal warrior (D:13)
  A deep troll (Depths:5)
  7 orc knights
  2 ironbrand convokers
  7 deep elf magi
  2 wizards
  2 wolf spiders (Spider:4)
  2 orb spiders (Spider:2)
  A griffon (Lair:5)
  5 ugly things
  4 necromancers
  A manticore (D:12)
  A sixfirhy (Zig:11)
  8 elephants
  4 moths of wrath
  A gargoyle (D:12)
  An orange demon (Zot:5)
  2 yaktaurs
  A centaur skeleton (D:13)
  A torpor snail (Lair:6)
  A freezing wraith (Vaults:5)
  An ancient zyme (Zig:9)
  A demonic crawler (Spider:3)
  2 trolls
  2 merfolk (Shoals:4)
  5 jumping spiders
  3 blink frogs (Lair:1)
  9 slime creatures
  A snapping turtle (Shoals:4)
  2 flying skulls (Zot:4)
  A water elemental (Depths:3)
  10 redbacks
  4 tarantellas
  2 hogs (D:14)
  16 yaks
  7 humans (D:13)
  3 fire elementals (D:14)
  A fire bat (Zig:9)
  A golden eye (Slime:2)
  2 hippogriffs
  4 vampire mosquitoes
  A water moccasin (Lair:5)
  A hell hound (Volcano)
  A porcupine (Lair:6)
  8 orc warriors
  A black bear (shapeshifter) (Vaults:5)
  7 ogres
  A small abomination (Depths:5)
  3 crocodiles
  An earth elemental (Elf:1)
  A wyvern skeleton (D:12)
  A wight (D:9)
  2 hounds
  A jelly (Lair:6)
  11 orc priests
  2 giant frog skeletons (D:12)
  An iron imp (Zot:5)
  6 sheep
  2 gnolls (D:10)
  3 river rats (Lair:6)
  A shadow imp (D:12)
  17 orcs
  3 kobolds (D:12)
284 creatures vanquished.

Vanquished Creatures (others)
  A storm dragon (Depths:4)
  A draconian scorcher (Zot:4)
  A ghost moth (Zot:4)
  A vampire knight (Depths:3)
  A purple draconian (Zig:8)
  A deep elf high priest (Vaults:5)
  A vault guard (Vaults:5)
  An ice dragon (Depths:5)
  2 merfolk aquamancers (Shoals:4)
  A deep elf knight (Elf:1)
  An unseen horror (Depths:5)
  An ironbrand convoker (Vaults:5)
  A cyclops (D:4)
  A moth of wrath (Zot:5)
  2 vault sentinels (Vaults:5)
  A redback (Spider:3)
  A tarantella (shapeshifter) (Vaults:5)
  A spatial vortex (Abyss:5)
  An orc (D:10)
  A gnoll skeleton (Ossuary)
  A goblin skeleton (Ossuary)
  A goblin zombie (Ossuary)
  4 hobgoblin skeletons (Ossuary)
  5 hobgoblin zombies (Ossuary)
  2 kobold skeletons (Ossuary)
  A kobold zombie (Ossuary)
  2 orc zombies (Ossuary)
  5 rat skeletons (Ossuary)
  7 fungi
  7 lost souls
  33 plants
  3 starspawn tentacles
  37 starspawn tentacle segments (Zig:9)
130 creatures vanquished.

Grand Total: 3481 creatures vanquished

Notes
Turn   | Place    | Note
--------------------------------------------------------------
     0 | D:1      | namelastname112 the Draconian Wanderer began the quest for the Orb.
     0 | D:1      | namelastname112 set off with: a book of Air, a scroll of teleportation, a +0 buckler, a +0 club, a bread ration
     0 | D:1      | Reached XP level 1. HP: 19/19 MP: 3/3
    48 | D:1      | Reached XP level 2. HP: 11/26 MP: 5/5
  1156 | D:1      | Reached XP level 3. HP: 29/33 MP: 6/6
  1647 | D:2      | Learned a level 2 spell: Repel Missiles
  1673 | D:2      | Noticed Natasha
  1700 | D:2      | Killed Natasha
  1700 | D:2      | Reached XP level 4. HP: 8/40 MP: 7/7
  2222 | D:2      | Noticed Natasha
  2246 | D:2      | Killed Natasha
  2258 | D:2      | Found a basalt altar of Yredelemnul.
  2612 | D:2      | Found an opulent altar of Gozag.
  2613 | D:2      | Found a glowing silver altar of Zin.
  2617 | D:2      | Goblin1989: hi, ололоев! Твой спринтовый эльф все еще жив?
  2907 | D:2      | Noticed Natasha
  2919 | D:2      | Killed Natasha
  3248 | D:3      | Reached XP level 5. HP: 46/47 MP: 8/8
  3298 | D:3      | Reached skill level 5 in Fighting
  3529 | D:3      | Noticed Grinder
  3536 | D:3      | Paralysed by Grinder for 5 turns
  3544 | D:3      | Gained mutation: Your spells are a little easier to cast, but a little less powerful. [potion of mutation]
  3544 | D:3      | Gained mutation: Your mind is acute. (Int +2) [potion of mutation]
  3544 | D:3      | Gained mutation: You have a pair of small horns on your head. [potion of mutation]
  3549 | D:3      | namelastname112: ебать спавны
  3549 | D:3      | namelastname112: гриндер с палкой хасты
  3896 | D:4      | Noticed an ogre
  3911 | D:4      | Killed an ogre
  3911 | D:4      | Reached skill level 1 in Dodging
  4172 | D:4      | Reached XP level 6. HP: 56/56 MP: 9/9
  4272 | D:4      | Found an oddly glowing altar of Pakellas.
  4273 | D:4      | Noticed a cyclops
  4275 | D:4      | Killed a cyclops
  4340 | D:4      | ololoev: нщ
  4345 | D:4      | ololoev: yo
  4365 | D:4      | ololoev: не, он почил в свампе 2
  4365 | D:4      | namelastname112: ага
  4380 | D:5      | Entered Level 5 of the Dungeon
  4381 | D:5      | ololoev: там мега тупняк вышел
  4422 | D:5      | ololoev: спустился на 2 лвл
  4457 | D:5      | Your scales start taking on a fiery red colour.
  4457 | D:5      | Reached XP level 7. HP: 54/63 MP: 10/10
  4457 | D:5      | Gained mutation: Your flesh is heat resistant. (rF+) [Red Draconian growth]
  4473 | D:5      | ololoev: побегал, наткнулся на двух гидр
  4478 | D:5      | ololoev: свалил по лестнице
  4550 | D:5      | Noticed Duffy's ghost (amateur GrFi)
  4556 | D:5      | Killed Duffy's ghost
  4556 | D:5      | Reached skill level 1 in Long Blades
  4570 | D:5      | Reached skill level 5 in Shields
  4579 | D:5      | ololoev: смотрю, на свамп 1 еще одна лестница вниз
  4584 | D:5      | ololoev: думаю во!
  4811 | D:5      | ololoev: как раз по ней спущусь в другое место
  4868 | D:5      | ololoev: спускаюсь не проверив
  4895 | D:5      | Found a deep blue altar of Sif Muna.
  4945 | D:5      | Reached XP level 8. HP: 59/71 MP: 11/11
  4946 | D:5      | ololoev: а она оказывается в паре тайлов от той, по которой я поднялся когда от гидр убегал
  4958 | D:5      | Found a shattered altar of Ashenzari.
  4996 | D:5      | Found a hide-covered altar of Uskayaw.
  5269 | D:5      | namelastname112: пойду к паку
  5348 | D:4      | Became a worshipper of Pakellas the Inventive
  5806 | D:3      | Paralysed by Grinder for 4 turns
  5822 | D:3      | Killed Grinder
  5822 | D:3      | Reached skill level 1 in Evocations
  6261 | D:6      | Found an ancient bone altar of Kikubaaqudgha.
  6302 | D:6      | Got a warped whip
  6396 | D:6      | Reached * piety under Pakellas
  6396 | D:6      | Received a gift from Pakellas
  6456 | D:6      | Found a radiant altar of Vehumet.
  6523 | D:6      | Reached skill level 5 in Long Blades
  6621 | D:6      | Learned a level 2 spell: Blink
  6741 | D:6      | Reached XP level 9. HP: 79/79 MP: 12/12
  6948 | D:7      | Found a staircase to the Ecumenical Temple.
  7005 | D:7      | Reached ** piety under Pakellas
  7005 | D:7      | Received a gift from Pakellas
  7174 | D:7      | Found a sand-covered staircase.
  7180 | Ossuary  | Entered an ossuary
  7413 | Ossuary  | Reached *** piety under Pakellas
  7413 | Ossuary  | Received a gift from Pakellas
  7430 | Ossuary  | Noticed Menkaure
  7434 | Ossuary  | Killed Menkaure
  7846 | D:7      | Reached skill level 5 in Dodging
  8041 | D:7      | Lost mutation: Your spells are a little easier to cast, but a little less powerful. [potion of mutation]
  8041 | D:7      | Gained mutation: Your muscles are strong. (Str +2) [potion of mutation]
  8041 | D:7      | Gained mutation: Your large and strong wings let you fly indefinitely. [potion of mutation]
  8107 | D:8      | Found a sparkling altar of Nemelex Xobeh.
  8129 | D:8      | Reached skill level 5 in Evocations
  8175 | D:8      | Identified the +7 whip of Departure {venom, +Rage} (You found it on level 6 of the Dungeon)
  8214 | D:8      | Found an iron altar of Okawaru.
  8278 | D:8      | Reached **** piety under Pakellas
  8278 | D:8      | Received a gift from Pakellas
  8289 | D:8      | Reached XP level 10. HP: 87/88 MP: 13/13
  8374 | D:8      | Found Gilub's Magic Scroll Boutique.
  8387 | D:8      | Identified a scroll of acquirement
  8830 | D:9      | Found Letioco's Antique Weapon Emporium.
  9235 | D:9      | Noticed Gastronok
  9261 | D:9      | Killed Gastronok
  9812 | D:9      | Found a burning altar of Makhleb.
  9812 | D:9      | Found a snail-covered altar of Cheibriados.
  9813 | D:9      | Found a shimmering altar of Xom.
  9823 | D:9      | Found a staircase to the Lair.
  9825 | D:9      | Found a white marble altar of Elyvilon.
  9861 | D:9      | Found a sacrificial altar of Ru.
 10326 | D:9      | Reached ***** piety under Pakellas
 10326 | D:9      | Received a gift from Pakellas
 10541 | D:10     | Entered Level 10 of the Dungeon
 10542 | D:10     | Identified a +3 rod of shadows (9/9) (Pakellas gifted it to you on level 9 of the Dungeon)
 10547 | D:10     | Noticed Fannar
 10681 | D:10     | Reached XP level 11. HP: 77/95 MP: 16/16
 11370 | D:10     | Noticed a hill giant
 11379 | D:9      | Killed a hill giant
 11520 | D:10     | Killed Fannar
 12148 | D:11     | Noticed a hill giant
 12161 | D:11     | Killed a hill giant
 12182 | D:11     | Noticed a hill giant
 12189 | D:11     | Killed a hill giant
 12263 | D:11     | Got a translucent falchion
 12281 | D:11     | Noticed Grum
 12286 | D:11     | Killed Grum
 12331 | D:11     | Noticed Sonja
 12348 | D:11     | Found a labyrinth entrance.
 12349 | D:11     | Killed Sonja
 12367 | Lab      | Entered a labyrinth
 12648 | Lab      | Noticed a minotaur
 12657 | Lab      | Killed a minotaur
 12677 | Lab      | Learned a level 1 spell: Apportation
 12683 | Lab      | Identified Qokhliul's Advanced Steps in Sorcery (You found it in a labyrinth)
 12683 | Lab      | Identified the Disquisition on Clay and Enchantment (You found it in a labyrinth)
 12703 | Lab      | Identified the +5 falchion "Vicoeqeer" {antimagic, rC+ Int-3 Dex+5} (You found it on level 11 of the Dungeon)
 12712 | Lab      | Got a bloodstained glaive
 12718 | Lab      | Identified the cursed +2 glaive of Wounad {chop, SInv} (You found it in a labyrinth)
 12742 | D:11     | Reached skill level 10 in Long Blades
 13245 | D:12     | Found Omnixzoik's Antique Armour Shoppe.
 13249 | D:12     | Bought a pair of gloves for 171 gold pieces
 13289 | D:12     | Noticed a five-headed hydra
 13296 | D:12     | Killed a five-headed hydra
 13308 | D:12     | Found a staircase to the Orcish Mines.
 13367 | D:12     | Identified a +2 rod of clouds (14/14) (You took it off a minotaur in a labyrinth)
 13369 | D:12     | Found a roughly hewn altar of Beogh.
 13468 | D:12     | Noticed a brown ugly thing
 13476 | D:12     | Killed a brown ugly thing
 13479 | D:12     | Reached XP level 12. HP: 106/106 MP: 18/18
 13550 | D:12     | Found Kogaal's Weapon Boutique.
 13557 | D:12     | Reached ****** piety under Pakellas
 13601 | D:12     | Reached skill level 10 in Fighting
 14140 | D:10     | Identified a +10 supercharged rod of clouds (18/18) (supercharged by Pakellas)
 14838 | D:12     | Found Caifoude's Armour Shoppe.
 14843 | D:12     | Bought the +1 cloak of Day {rCorr MP+9 Str+4 Dex+2} for 520 gold pieces
 14857 | D:12     | Found Isazom's Food Shoppe.
 15819 | D:13     | Noticed a centaur warrior
 15835 | D:13     | Killed a centaur warrior
 15835 | D:13     | Reached skill level 10 in Evocations
 16288 | D:13     | Found Kegiunet's Distillery.
 16853 | D:13     | Reached XP level 13. HP: 105/114 MP: 20/20
 16964 | D:13     | Found a gate to the Vaults.
 16964 | D:13     | Noticed a vault guard
 16964 | D:13     | Noticed a vault guard
 16969 | D:13     | Killed a vault guard
 16976 | D:13     | Killed a vault guard
 17644 | D:14     | Noticed Kirke
 17725 | D:14     | Killed Kirke
 17866 | D:14     | Noticed Azrael
 18212 | D:14     | Noticed Agnes
 18229 | D:14     | Killed Agnes
 18229 | D:14     | Reached skill level 10 in Shields
 18366 | D:14     | Killed Azrael
 18880 | D:14     | Found a white marble altar of Elyvilon.
 19195 | D:15     | Entered Level 15 of the Dungeon
 19979 | D:15     | Reached XP level 14. HP: 94/124 MP: 22/22
 20090 | D:15     | Noticed Donald
 20090 | D:15     | Noticed Harold
 20120 | D:15     | Killed Donald
 20731 | D:15     | Killed Harold
 21352 | D:15     | Noticed a frost giant
 21352 | D:15     | Found a staircase to the Depths.
 21359 | D:15     | Killed a frost giant
 21499 | Orc:1    | Entered Level 1 of the Orcish Mines
 21581 | Orc:2    | Entered Level 2 of the Orcish Mines
 21634 | Orc:1    | Found Angicuci's Magic Scroll Shop.
 21838 | Orc:1    | Noticed Nergalle
 21857 | Orc:1    | Killed Nergalle
 22635 | D:12     | Bought a +0 pair of boots of running for 472 gold pieces
 22807 | Orc:2    | Found a staircase to the Elven Halls.
 22851 | Orc:2    | Found an iron altar of Okawaru.
 23034 | Orc:2    | HP: 6/126 [poisoned by an orc warrior]
 23039 | Orc:2    | HP: 5/126 [poisoned by an orc warrior]
 23044 | Orc:2    | HP: 4/126 [poisoned by an orc warrior]
 23051 | Orc:1    | HP: 5/126 [poisoned by an orc warrior]
 23059 | Orc:1    | HP: 5/126 [poisoned by an orc warrior]
 24907 | Orc:2    | Found Ubefiejo's Antique Weapon Shop.
 24907 | Orc:2    | Found Eriusm's Magic Scroll Shop.
 24908 | Orc:2    | Found Wizay's Antique Weapon Shop.
 24908 | Orc:2    | Found Koblyix's Armour Boutique.
 25285 | Lair:1   | Entered Level 1 of the Lair of Beasts
 25450 | Lair:1   | epen: Так вот
 25494 | Lair:1   | epen: Фильмец глянь сегодня
 25500 | Lair:1   | epen: вечером
 25521 | Lair:1   | namelastname112: лол
 25521 | Lair:1   | namelastname112: ты охуел?
 25521 | Lair:1   | namelastname112: учист
 25521 | Lair:1   | namelastname112: ь
 25563 | Lair:1   | epen: Не
 25617 | Lair:1   | epen: Пойду орбы выносить
 25639 | Lair:1   | namelastname112: нойс
 25658 | Lair:1   | Identified a +9 rod of inaccuracy (17/17) (You acquired it on level 1 of the Lair of Beasts)
 26943 | Lair:3   | Noticed Urug
 26945 | Lair:3   | Found a hole to the Spider Nest.
 26955 | Lair:3   | Killed Urug
 26955 | Lair:3   | Reached XP level 15. HP: 111/134 MP: 24/24
 28727 | Lair:5   | Found a staircase to the Shoals.
 29187 | Lair:5   | Found a dark tunnel.
 29247 | Volcano  | Entered a volcano
 29341 | Volcano  | Found a bloodstained altar of Trog.
 30026 | Lair:5   | epen: Хочешь анекдот?
 30072 | Lair:6   | epen: я DEAE
 30084 | Lair:6   | Identified a -3 rod of clouds (13/13) (You found it on level 6 of the Lair of Beasts)
 30085 | Lair:6   | epen: и в магазе на д5
 30085 | Lair:6   | epen: плутониум
 30086 | Lair:6   | namelastname112: лел
 30086 | Lair:6   | namelastname112: !apt de
 30086 | Lair:6   | namelastname112: ммм
 30086 | Lair:6   | epen: @?? de
 30086 | Lair:6   | namelastname112: бим тупит
 30132 | Lair:6   | epen: 880 gold the +14 plutonium sword {*Contam Stlth-}
 30145 | Lair:6   | beem: unknown monster: "de"
 30145 | Lair:6   | beem: DE: Fighting: -2*, Short: 0, Long: -1, Axes: -2, Maces: -3*, Polearms: -3*, Staves: 0, Slings: -2, Bows: 1, Xbows: -1, Throw: 0, Armour: -2, Dodge: 2, Stealth: 3, Shields: -2, UC: -2*, Splcast: 3!, Conj: 1, Hexes: 3, Charms: 4!, Summ: 1, Nec: 2!, Tloc: 1, Tmut: 1, Fire: 1, Ice: 1, Air: 0, Earth: 1, Poison: 1, Inv: 1, Evo: 1, Exp: -1, HP: -2, MP: 2!
 30162 | Lair:6   | epen: лел
 30179 | Lair:6   | Found a staircase to the Slime Pits.
 30219 | Lair:6   | epen: а ещё там короче двухголовый огр
 31631 | Lair:8   | Entered Level 8 of the Lair of Beasts
 31648 | Lair:8   | Reached skill level 10 in Dodging
 32282 | Lair:8   | epen: The apparition of namelastname112 the Poker, a novice Yellow Draconian Wanderer of Gozag.
 32300 | Lair:8   | namelastname112: пизда тебе
 32306 | Lair:8   | epen: >bolt of drainig
 32883 | Lair:8   | Reached skill level 15 in Long Blades
 33003 | Lair:8   | Got a scintillating glass ring
 33005 | Lair:8   | Identified the ring "Yhaich" {+Fly Int+8 SInv} (You found it on level 8 of the Lair of Beasts)
 33677 | Elf:1    | Entered Level 1 of the Elven Halls
 34120 | Elf:1    | Reached XP level 16. HP: 104/143 MP: 26/26
 34251 | Elf:1    | Identified the Guide on the Escort
 34300 | Elf:1    | Found Xotac's Jewellery Shoppe.
 34308 | Elf:1    | Bought the ring of Vaesivem {rPois Str+2 Slay+3} for 613 gold pieces
 35131 | Elf:1    | Identified the Papyrus of Dark Magic and the Entourage
 36069 | Elf:2    | Found a runed gate.
 36075 | Elf:2    | Reached skill level 15 in Evocations
 36356 | Elf:2    | Found a runed gate.
 36360 | Elf:2    | Found a runed gate.
 36835 | Elf:3    | Entered Level 3 of the Elven Halls
 37366 | Elf:3    | Noticed Roxanne
 37520 | Elf:3    | Noticed a deep elf blademaster
 37534 | Elf:3    | Killed a deep elf blademaster
 37570 | Elf:3    | Noticed a deep elf blademaster
 37576 | Elf:3    | Noticed a deep elf master archer
 37577 | Elf:3    | Killed a deep elf blademaster
 37577 | Elf:3    | Reached XP level 17. HP: 136/151 MP: 28/28
 37594 | Elf:3    | Killed a deep elf master archer
 37624 | Elf:3    | Noticed a deep elf master archer
 37646 | Elf:3    | Killed a deep elf master archer
 37648 | Elf:3    | Noticed a deep elf blademaster
 37667 | Elf:3    | Killed a deep elf blademaster
 38163 | Elf:3    | Killed a ghostly deep elf blademaster
 38345 | Elf:3    | Noticed a deep elf master archer
 38346 | Elf:3    | Noticed a deep elf blademaster
 38360 | Elf:3    | Killed a deep elf blademaster
 38372 | Elf:3    | Killed a deep elf master archer
 38748 | Elf:3    | Noticed a deep elf master archer
 38772 | Elf:3    | Killed a deep elf master archer
 39631 | Elf:3    | Learned a level 3 spell: Regeneration
 39679 | Elf:3    | Noticed a deep elf blademaster
 39685 | Elf:3    | Killed a deep elf blademaster
 39901 | Elf:3    | Got a smoking jade ring
 39902 | Elf:3    | Identified the ring of Qoiramapn {Fire MP+9 SInv Stlth-} (You found it on level 3 of the Elven Halls)
 39915 | Elf:3    | Identified Sif Muna's Incunabulum of Malediction and Boosts (You found it on level 3 of the Elven Halls)
 39956 | Elf:3    | Got an ancient graven amulet
 39957 | Elf:3    | Identified the amulet of Yni Uma {+Rage Dex+4} (You found it on level 3 of the Elven Halls)
 40796 | Shoals:1 | Entered Level 1 of the Shoals
 42833 | Shoals:3 | Reached XP level 18. HP: 142/161 MP: 30/30
 43248 | Shoals:3 | crauler: ммм
 43287 | Shoals:4 | Entered Level 4 of the Shoals
 43296 | Shoals:4 | crauler: хоть в экстенд иди
 43296 | Shoals:4 | namelastname112: ага
 44404 | Shoals:4 | Noticed Ilsuiw
 45641 | Shoals:4 | Killed Ilsuiw
 46005 | Shoals:4 | Got a barnacled rune of Zot
 46513 | Spider:1 | Entered Level 1 of the Spider Nest
 46521 | Spider:1 | Reached skill level 15 in Fighting
 48238 | Slime:1  | Entered Level 1 of the Pits of Slime
 48622 | Slime:2  | Identified a +9 rod of inaccuracy (13/13) (You found it on level 3 of the Elven Halls)
 48993 | Slime:2  | Lost mutation: Your mind is acute. (Int +2) [a shining eye]
 49024 | Slime:2  | Reached XP level 19. HP: 138/170 MP: 31/31
 49114 | Slime:3  | crauler: у дефе кику выдал
 49289 | Slime:3  | namelastname112: че выдал
 49328 | Slime:4  | crauler: Kiku can find no cadavers for you!
 49341 | Slime:4  | namelastname112: лол
 49341 | Slime:4  | namelastname112: это где?
 49344 | Slime:4  | crauler: в леере
 49434 | Slime:4  | namelastname112: а с хуяль?
 49434 | Slime:4  | crauler: у него две звезды, НЕ ЗАСЛУЖИЛ видать
 49464 | Slime:4  | crauler: там ведь явно дайсами трупы генерятся
 49477 | Slime:4  | namelastname112: ну я такого ни разу не видел
 49517 | Slime:4  | crauler: а на кой ты облачную зарядил?
 49730 | Slime:5  | crauler: облака ведь не надо перекастовать часто
 49885 | Slime:5  | crauler: железную или тени или молнии бы
 49885 | Slime:5  | namelastname112: ну не скажи
 49885 | Slime:5  | namelastname112: когда ка
 49885 | Slime:5  | namelastname112: к
 49885 | Slime:5  | namelastname112: иногда приходится сразу дохуя высирать
 50152 | Slime:6  | Entered Level 6 of the Pits of Slime
 50156 | Slime:6  | epen: кастусь теребунь
 50198 | Slime:6  | namelastname112: сука
 50198 | Slime:6  | namelastname112: заткнись
 50200 | Slime:6  | crauler: ты что тут колдуешь?
 50313 | Slime:6  | epen: https://www.youtube.com/watch?v=oLOZzTm8qZo
 50328 | Slime:5  | Gained mutation: You are frail. (-10% HP) [a shining eye]
 50330 | Slime:5  | Gained mutation: You have a pair of horns on your head. [a shining eye]
 50657 | Slime:6  | Noticed the Royal Jelly
 50658 | Slime:6  | epen: лел
 50659 | Slime:6  | epen: погулять вышел
 50662 | Slime:6  | Killed the Royal Jelly
 50663 | Slime:6  | epen: ты бы назад отошёл
 50663 | Slime:6  | namelastname112: вот она
 50663 | Slime:6  | namelastname112: силушка иннака
 50678 | Slime:5  | epen: чё там по спелам?
 50895 | Slime:5  | crauler: @??hell sentinel
 50895 | Slime:5  | beem: Hell Sentinel (1)
                  | Spd:
    10 | HD: 19   | HP: 121-168
                  | AC/EV: 25/3 (spiny 5d4)
                  | Dam: 40, 25
                  | demonic, doors, unholy, see invisible
                  | Res: magic(immune), fire+++, damnation, cold+++, elec+++, poison+++, rot, neg+++, torm
                  | Vul: holy++
                  | XP: 2905
                  | Sp: hurl damnation (3d20) [!sil], iron shot (3d33) [!sil]
                  | Sz: Large
                  | Int: human.
 51044 | Slime:5  | epen: M A G N I T O L A
 51058 | Slime:6  | crauler: тоже хороший кандидат на инакк в ебало
 51106 | Slime:6  | Got a smoking jade ring
 51107 | Slime:6  | Identified the ring of Pasube {rPois rF+ rC+ Str+3 Dex-3} (You found it on level 6 of the Pits of Slime)
 51116 | Slime:6  | Got a slimy rune of Zot
 51149 | Slime:6  | crauler: https://www.youtube.com/watch?v=AvAGZS3NxCc
 51171 | Slime:6  | namelastname112: сука
 51171 | Slime:6  | namelastname112: третий род облаков уже
 51280 | Slime:6  | Got a shimmering zirconium amulet
 51281 | Slime:6  | Identified the amulet of Ugunuih {Spirit rElec rPois rC+ rN+} (You found it on level 6 of the Pits of Slime)
 52831 | Spider:3 | Identified a +1 rod of clouds (9/9) (You found it on level 6 of the Pits of Slime)
 52845 | Spider:3 | Reached XP level 20. HP: 146/162 MP: 33/33
 53343 | Spider:4 | Entered Level 4 of the Spider Nest
 54933 | Spider:4 | Got a gossamer rune of Zot
 55982 | Vaults:1 | Entered Level 1 of the Vaults
 56046 | Vaults:1 | Found a flickering gateway to a bazaar.
 56070 | Bazaar   | Entered a bazaar
 56186 | Bazaar   | Found Daofy's Food Shoppe.
 56186 | Bazaar   | Found Fiuc Hot's Book Emporium.
 56214 | Bazaar   | Found Ronn's Magic Scroll Shoppe.
 56214 | Bazaar   | Found Cofel's Weapon Emporium.
 56276 | Bazaar   | Bought a bread ration for 60 gold pieces
 56276 | Bazaar   | Bought a bread ration for 60 gold pieces
 56276 | Bazaar   | Bought a bread ration for 60 gold pieces
 56276 | Bazaar   | Bought a bread ration for 60 gold pieces
 57377 | Vaults:1 | Noticed Aizul
 57394 | Vaults:1 | Killed Aizul
 57468 | Vaults:1 | Found Xohagud's Assorted Antiques.
 57473 | Vaults:1 | Found Sowiutic's Magic Scroll Emporium.
 57680 | Vaults:1 | Reached skill level 15 in Shields
 59012 | Vaults:2 | Reached XP level 21. HP: 170/170 MP: 34/34
 59813 | Vaults:2 | Found a staircase to the Crypt.
 60782 | Vaults:3 | crauler: полиморф есть?
 60797 | Vaults:3 | namelastname112: валяется где-то
 60797 | Vaults:3 | namelastname112: но зачем
 61764 | Vaults:3 | crauler: самый веселый ванд же
 62573 | Vaults:3 | namelastname112: я ему не доверяю
 62692 | Crypt:1  | Entered Level 1 of the Crypt
 63152 | Crypt:1  | Reached XP level 22. HP: 72/179 MP: 36/36
 64195 | Crypt:1  | You are sucked into a shaft!
 65250 | Crypt:3  | Entered Level 3 of the Crypt
 65546 | Crypt:3  | incide: o/
 65638 | Crypt:3  | namelastname112: здаров
 65687 | Crypt:3  | incide: ну чо, как с пакистаном играется
 65696 | Crypt:3  | namelastname112: а ты как думаешь
 65696 | Crypt:3  | namelastname112: осталось палку хв найти
 65823 | Crypt:3  | Found a staircase to the Tomb.
 65844 | Crypt:3  | incide: думаю, что тащит до панов, а там уже могут быть проблемы
 65951 | Crypt:3  | namelastname112: >бесконечный хв
 66273 | Crypt:3  | incide: ну бесконечный хв замечателен, но в некоторых ситуациях не поможет
 66500 | Crypt:3  | namelastname112: >бесконечный теле
 66675 | Crypt:3  | incide: если оба найдешь
 66953 | Crypt:3  | Found a basalt altar of Yredelemnul.
 66984 | Crypt:3  | Reached XP level 23. HP: 141/185 MP: 37/37
 67128 | Crypt:3  | Identified the Tome of Sinister Rites (You found it on level 3 of the Crypt)
 67486 | Crypt:3  | namelastname112: эти роды
 67879 | Depths:1 | Entered Level 1 of the Depths
 67904 | Depths:1 | Reached skill level 15 in Dodging
 68802 | Depths:1 | Found a gateway to Hell.
 69115 | Depths:2 | Noticed a caustic shrike
 69125 | Depths:2 | Killed a caustic shrike
 70062 | Depths:2 | Found a gateway to a ziggurat.
 70075 | Zig:1    | Entered Level 1 of a ziggurat
 70075 | Zig:1    | Noticed a Killer Klown
 70086 | Zig:1    | Killed a Killer Klown
 70422 | Zig:2    | Entered Level 2 of a ziggurat
 70453 | Zig:3    | Entered Level 3 of a ziggurat
 70492 | Zig:4    | Entered Level 4 of a ziggurat
 70614 | Zig:5    | Entered Level 5 of a ziggurat
 70659 | Zig:5    | Got a steaming emerald amulet
 70660 | Zig:5    | Identified the amulet of Zixe {Gourm +Fly rN+ Dex+4 SInv} (You found it on level 5 of a ziggurat)
 70759 | Zig:6    | Entered Level 6 of a ziggurat
 71022 | Zig:7    | Entered Level 7 of a ziggurat
 71030 | Zig:7    | Noticed a caustic shrike
 71042 | Zig:7    | Killed a caustic shrike
 71264 | Zig:8    | Entered Level 8 of a ziggurat
 71548 | Zig:9    | Entered Level 9 of a ziggurat
 71577 | Zig:9    | Reached XP level 24. HP: 173/196 MP: 37/37
 71921 | Zig:10   | Entered Level 10 of a ziggurat
 72108 | Zig:11   | Entered Level 11 of a ziggurat
 72123 | Zig:11   | Noticed Zoull the pandemonium lord
 72266 | Depths:2 | namelastname112: ого
 72266 | Depths:2 | namelastname112: они проклятие убрали
 72266 | Depths:2 | namelastname112: с меча
 72266 | Depths:2 | namelastname112: найс
 72737 | Depths:2 | Found a one-way gate to the infinite horrors of the Abyss.
 73634 | Depths:3 | Noticed a juggernaut
 73652 | Depths:3 | Identified a +2 rod of inaccuracy (11/11) (You found it on level 2 of the Depths)
 73653 | Depths:3 | Killed a juggernaut
 74028 | Depths:3 | Noticed Jory
 74047 | Depths:3 | Killed Jory
 74488 | Depths:3 | Got a scorched copper ring
 74489 | Depths:3 | Identified the ring of Rywk {rC+ MR- MP+9 Dex+4 SInv} (You took it off a spriggan air mage on level 3 of the Depths)
 74620 | Depths:3 | Noticed a juggernaut
 74638 | Depths:3 | Killed a juggernaut
 75251 | Depths:3 | Found a one-way gate leading to the halls of Pandemonium.
 75745 | Depths:3 | jacquesderrida: Норберт
 75867 | Depths:3 | namelastname112: джадекс
 75885 | Depths:4 | jacquesderrida: Спосибчики
 75885 | Depths:4 | Reached XP level 25. HP: 165/204 MP: 38/38
 76132 | Depths:4 | jacquesderrida: поцоны я в критике чистого разума книжного клеща нашел
 76149 | Depths:4 | jacquesderrida: че делоть
 76163 | Depths:4 | Noticed a juggernaut
 76180 | Depths:4 | Killed a juggernaut
 77333 | Depths:4 | Noticed a juggernaut
 77357 | Depths:4 | Killed a juggernaut
 77644 | Depths:4 | Got a pair of shimmering gloves
 77645 | Depths:4 | Identified the +1 pair of gloves of Benig {Str+3} (You found it on level 4 of the Depths)
 78127 | Depths:5 | Entered Level 5 of the Depths
 78687 | Depths:5 | Found Biph's Blood Bar.
 80199 | Depths:5 | Found a gate to the Realm of Zot.
 80381 | Depths:5 | Reached XP level 26. HP: 169/214 MP: 38/38
 80752 | Vaults:4 | crauler: P R O C R A S T I N A T I O N
 80814 | Vaults:4 | Noticed Sojobo
 80818 | Vaults:4 | crauler: зогулдец
 80822 | Vaults:4 | Noticed Saint Roka
 80838 | Vaults:4 | crauler: стоп, зонгулдрок дабл?
 80844 | Vaults:4 | Found Laymoe's Gadget Emporium.
 80848 | Vaults:4 | namelastname112: da
 80876 | Vaults:4 | epen: https://www.youtube.com/watch?v=nSW7mL1wVFo
 81637 | Vaults:4 | Found Cinemuipn's Weapon Shop.
 81638 | Vaults:4 | Found Davelose's Jewellery Shoppe.
 81648 | Vaults:4 | Bought the ring of Shaolin {EV+8} for 2304 gold pieces
 81993 | Vaults:4 | Killed Saint Roka
 82344 | Vaults:4 | Found Dihapt's Armour Shoppe.
 82345 | Vaults:4 | Found Tokhlak's Weapon Emporium.
 82448 | Vaults:5 | Entered Level 5 of the Vaults
 83580 | Vaults:5 | Got a silver rune of Zot
 84332 | Vaults:5 | Reached XP level 27. HP: 193/223 MP: 39/39
 85283 | Temple   | Entered the Ecumenical Temple
 85748 | Zot:1    | Entered Level 1 of the Realm of Zot
 86510 | Zot:1    | no0bjke: А что reap делает?
 86537 | Zot:1    | namelastname112: оживляет мобов
 86537 | Zot:1    | namelastname112: в зомби
 86771 | Zot:1    | Gained mutation: You can translocate small distances at will. [potion of beneficial mutation]
 87896 | Zot:2    | Reached skill level 27 in Long Blades
 88204 | Zot:2    | no0bjke: А дракониды могут
 88239 | Zot:2    | no0bjke: в голд
 88239 | Zot:2    | no0bjke: драгон
 88239 | Zot:2    | no0bjke: армор
 88239 | Zot:2    | no0bjke: ?
 88239 | Zot:2    | namelastname112: они не могут ни в какой армор
 88529 | Zot:2    | no0bjke: а крылься
 88593 | Zot:2    | no0bjke: с мутации
 88604 | Zot:2    | no0bjke: ?
 88610 | Zot:2    | namelastname112: да
 90711 | Zot:3    | You fall through a shaft!
 91925 | Zot:4    | Noticed an ancient lich
 91933 | Zot:4    | Killed an ancient lich
 92473 | Zot:4    | Noticed an orb of fire
 92507 | Zot:4    | Killed an orb of fire
 92556 | Zot:5    | Entered Level 5 of the Realm of Zot
 92938 | Zot:5    | Noticed an orb of fire
 92954 | Zot:5    | Gained mutation: You are dopey. (Int -2) [an orb of fire]
 92954 | Zot:5    | Gained mutation: You are very frail. (-20% HP) [an orb of fire]
 92961 | Zot:5    | Gained mutation: Your spells are a little easier to cast, but a little less powerful. [an orb of fire]
 92968 | Zot:5    | Killed an orb of fire
 93148 | Zot:5    | Noticed an ancient lich
 93151 | Zot:5    | Noticed an orb of fire
 93161 | Zot:5    | Killed an ancient lich
 93163 | Zot:5    | Noticed an orb of fire
 93164 | Zot:5    | Noticed an orb of fire
 93165 | Zot:5    | Gained mutation: You are occasionally teleported next to monsters. [an orb of fire]
 93166 | Zot:5    | Killed an orb of fire
 93169 | Zot:5    | Gained mutation: You are extremely frail. (-30% HP) [an orb of fire]
 93186 | Zot:5    | Killed an orb of fire
 93188 | Zot:5    | Gained mutation: You occasionally shout uncontrollably at your foes. [an orb of fire]
 93198 | Zot:5    | Lost mutation: Your muscles are strong. (Str +2) [an orb of fire]
 93206 | Zot:5    | Killed an orb of fire
 93229 | Zot:5    | Noticed an orb of fire
 93231 | Zot:5    | Gained mutation: Scrolls take you a little longer to read. [an orb of fire]
 93232 | Zot:5    | namelastname112: найс
 93232 | Zot:5    | namelastname112: блять
 93243 | Zot:5    | Noticed an ancient lich
 93253 | Zot:5    | Noticed an ancient lich
 93482 | Depths:3 | Lost mutation: You are extremely frail. (-30% HP) [potion of cure mutation]
 93482 | Depths:3 | Lost mutation: You are occasionally teleported next to monsters. [potion of cure mutation]
 93482 | Depths:3 | Lost mutation: You are very frail. (-20% HP) [potion of cure mutation]
 93482 | Depths:3 | Lost mutation: You are frail. (-10% HP) [potion of cure mutation]
 93482 | Depths:3 | Lost mutation: Scrolls take you a little longer to read. [potion of cure mutation]
 93926 | Zot:5    | Noticed an orb of fire
 93938 | Zot:5    | Gained mutation: You have a pair of large horns on your head. [an orb of fire]
 93953 | Zot:5    | Killed an orb of fire
 94291 | Zot:5    | Noticed an orb of fire
 94316 | Zot:5    | Gained mutation: You sometimes yell uncontrollably at your foes. [an orb of fire]
 94320 | Zot:5    | Killed an orb of fire
 94325 | Zot:5    | Noticed an orb of fire
 94336 | Zot:5    | Gained mutation: Scrolls take you a little longer to read. [an orb of fire]
 94350 | Zot:5    | Killed an orb of fire
 94350 | Zot:5    | Reached skill level 27 in Evocations
 94659 | Zot:5    | Killed an ancient lich
 94671 | Zot:5    | Killed an orb of fire
 95253 | Zot:5    | Cast into level 3 of the Abyss (red draconian knight)
 95418 | Zot:5    | Escaped the Abyss
 95794 | Zot:5    | Cast into level 5 of the Abyss (an ancient lich)
 95794 | Abyss:5  | Entered Level 5 of the Abyss
 95795 | Abyss:5  | namelastname112: да сука
 95903 | Abyss:5  | Found a corrupted altar of Lugonu.
 95919 | Abyss:5  | Found a corrupted altar of Lugonu.
 95926 | Abyss:5  | Got an abyssal rune of Zot
 96091 | Zot:5    | Escaped the Abyss
 96694 | Zot:5    | Killed an ancient lich
 96968 | Zot:5    | Got the Orb of Zot
 97267 | Depths:5 | Noticed Gakeis the pandemonium lord
 97275 | Depths:5 | Killed Gakeis the pandemonium lord
 97696 | D:$      | Escaped with the Orb!

Vault maps used:
D:1:      onia_arrival_handbag
D:2:      grunt_temple_overflow_gold_and_silver, lemuel_coloured_pillars_altar,
          first_bread, uniq_natasha
D:3:      minmay_door_path, uniq_grinder
D:4:      gammafunk_pakellas_spire_experiment, serial_bayou_crossing
D:5:      lemuel_doored_altar, marbit_many_paths, ashenzari_altar_1
D:6:      overflow_temple_1_default, lemuel_round_altar
D:7:      minmay_temple_entry_grid, nicolae_ossuary_entry_plus
D:8:      nemelex_deck, basic_altar, serial_shops, nicolae_shop_crystal
D:9:      nicolae_ru_path_of_blood, nicolae_overflow_quartered_altars,
          serial_shops, shop, special_room, uniq_gastronok
D:10:     uniq_fannar
D:11:     lab_entry_generic, blue_anna_alchemist, minmay_misc_feat_rows,
          uniq_grum, uniq_sonja
D:12:     minmay_orc_entry_temple_small, serial_shops, kennysheep_little_box,
          shop, shop, nicolae_shop_crystal, onia_ninara_cookie
D:13:     grunt_vaults_entry_tiered, serial_shops, shop, roderic_malta_cross
D:14:     grunt_decor_arrowhead, elyvilon_altar_3, uniq_kirke, uniq_agnes,
          uniq_azrael
D:15:     grunt_enter_depths_snipers, roderic_curled_sauvastika, sword_in_stone
Temple:   minmay_temple_curvy_8
Lair:1:   grunt_megastairs_3, bh_autumn_forest_stairs
Lair:3:   dummy_spider_entry, uniq_urug
Lair:4:   hangedman_lair_unloving_vines, wad_woods_river_01, lemuel_fruit_tree
Lair:5:   minmay_shoals_entry_beasts, enter_volcano_2, infiniplex_staircase_pool
Lair:6:   slime_dummy, bh_chokoban, nicolae_quartered_pool_little,
          grunt_megastairs_5
Lair:7:   fungi_pond_lemuel
Lair:8:   due_jungle_book
Shoals:3: nicolae_shoals_water_elemental_grotto
Shoals:4: shoals_end_simple, shoal_ilsuiw,
          nicolae_shoals_siren_and_animal_friends
Spider:2: nicolae_spider_stair_cavern
Spider:4: grunt_spider_rune_circles
Slime:4:  uniq_dissolution
Orc:1:    nicolae_orc_accident_3, serial_shops, shop, uniq_nergalle
Orc:2:    st_orc_pillars, okawaru_metal_pillars_1_2
Elf:1:    eino_elf_arrival_customs, serial_shops, shop,
          hangedman_elven_crosses_minicolossus, minmay_elf_demonology
Elf:3:    minmay_elf_hall, hangedman_elven_ridges, uniq_roxanne
Vaults:1: ontoclasm_vaults_gateway, v_misc_2, nicolae_vaults_display_case,
          v_alt_pattern_6, vaults_room_semicircle, v_misc_28,
          ontoclasm_vaults_bender, hangedman_vaults_slice,
          hangedman_vaults_nails, serial_shops, bzr_entry_customers,
          nicolae_shop_crystal, shop, uniq_aizul
Vaults:2: nicolae_vaults_specimen_jars, vaults_mumra_minichess, v_misc_28,
          hangedman_vaults_cutoff, vaults_standard_mumra_x, grunt_vaults_focal,
          hangedman_vaults_restitches, hangedman_vaults_cutoff,
          dpeg_vaults_waves, v_alt_pattern_3, vaults_room_grid,
          nicolae_vaults_big_angled_halls, vaults_dpeg_diagonal,
          blue_anna_dwarven_crypt
Vaults:3: dpeg_vaults_monster_row, v_pattern_3, vaults_room_corners,
          nicolae_vaults_yaktaur_gun_rack, hangedman_vaults_slice,
          ontoclasm_vaults_decontamination, ontoclasm_vaults_shuriken,
          v_misc_23, nicolae_vaults_little_ls, nicolae_vaults_fighting_squares,
          v_misc_25, hangedman_vaults_stagger
Vaults:4: nicolae_vaults_puzzle_piece, v_alt_pattern_2, v_alt_pattern_6,
          st_more_cells, v_misc_19, nicolae_vaults_ring_of_whatevers,
          vaults_room_grid, nicolae_vaults_little_squares_1,
          vaults_room_corners, serial_shops, nicolae_shop_stone,
          nicolae_shop_behind_doors, nicolae_shop_waterfront, shop, shop,
          uniq_saint_roka, uniq_sojobo
Vaults:5: serial_shops
Crypt:1:  minmay_misc_feat_five, uniq_donald
Crypt:3:  church_of_pain_bobbens, nicolae_tomb_entry_unfolded_pyramid_diagonal
Depths:1: hell_entry, serial_sigils_hangedman_quiver, spider_trap,
          minmay_hedge_maze, minmay_metal_thing
Depths:2: minmay_strange_plus, enter_ziggurat_b, minmay_holes,
          abyss_entry_small_statue_room, pf_vacation_house_of_asmodeus
Depths:3: minmay_four_inscribed_fans, hell_entry, rand_demon_pan_entry_5,
          minmay_strange_pillars, serial_bayou_pond_b, uniq_jory
Depths:4: minmay_crescents, hell_entry, nrook_pool_corridor, abyss_entry,
          serial_bayou_pond_e, infiniplex_staircase_diamond
Depths:5: grunt_zot_entry_gee_three, serial_sigils_hangedman_confine,
          hangedman_coc_ice_floe, minmay_room_of_horrors, guppyfry_shop_blood
Zot:1:    grunt_deathspiral_small
Zot:2:    hangedman_zot_wheel_spokes, hangedman_snake_sidewinding,
          lemuel_elevator
Zot:3:    grunt_ministairs_12, zot_minivault_5
Zot:4:    kennysheep_room_grid, lemuel_lich_library
Abyss:5:  evilmike_abyss_rune_elephants_shrine
Zig:4:    ziggurat_pillar_centre_dead_trees
Zig:6:    ziggurat_pillar_centre_oklobs
Zig:10:   ziggurat_pillar_centre_smoke
Lab:      labyrinth_watery, nicolae_lab_plus, nicolae_lab_x, nicolae_lab_stuck,
          nicolae_lab_dead_end, lab_statue
Bazaar:   bazaar_short_row
Ossuary:  ossuary_due_pyramid
Volcano:  volcano_lake

Skill      XL: |  1  2  3  4  5  6  7  8  9 10 11 12 13 14 15 16 17 18 19 20 21 22 23 24 25 26 27 |
---------------+----------------------------------------------------------------------------------+-----
Shields        | 2 3 4 5 6 7 8 9 10 11 12 13 14 15 16 17 18 21 | 21.7
Fighting       | 4 5 6 7 8 9 10 11 12 13 14 15 16 17 18 19 20 23 | 23.5
Dodging        | 1 2 3 4 5 6 7 8 9 10 11 12 13 14 15 16 17 20 | 20.3
Long Blades    | 3 5 7 8 10 11 12 14 15 16 17 18 20 21 22 23 24 25 26 27 | 27.0
Evocations     | 2 5 7 9 10 11 13 14 15 16 17 18 19 20 21 22 23 24 27 | 27.0
Stealth        | |  1.1
Spellcasting   | |  2.1
Air Magic      | |  3.0

Action                   |  1- 3 |  4- 6 |  7- 9 | 10-12 | 13-15 | 16-18 | 19-21 | 22-24 | 25-27 || total
-------------------------+-------+-------+-------+-------+-------+-------+-------+-------+-------++-------
Melee: Club              |    23 |       |       |       |       |       |       |       |       ||    23
       Tailslap          |    21 |    25 |    63 |   115 |   248 |   239 |   287 |   318 |   802 ||  2118
       Dagger            |   128 |    66 |       |       |       |       |       |       |       ||   194
       Whip              |       |   124 |     6 |       |       |       |       |       |       ||   130
       Headbutt          |       |    15 |    89 |   159 |   376 |   350 |   438 |   444 |  1073 ||  2944
       Long sword        |       |       |   501 |   731 |   115 |       |       |       |       ||  1347
       Scimitar          |       |       |       |       |   551 |       |       |       |       ||   551
       Double sword      |       |       |       |       |   618 |  1209 |  1376 |  1346 |  3062 ||  7611
 Cast: Repel Missiles    |     1 |       |     2 |     2 |     3 |     7 |     7 |     8 |    18 ||    48
Invok: Quick Charge      |       |       |       |     2 |     1 |     1 |     3 |     1 |    12 ||    20
       Supercharge       |       |       |       |     1 |       |       |       |       |       ||     1
 Abil: Breathe Fire      |       |       |     5 |     8 |     5 |     5 |     3 |       |       ||    26
       Fly               |       |       |     1 |     1 |       |       |       |       |     1 ||     3
       Stop Flying       |       |       |       |     1 |       |       |       |     1 |     1 ||     3
       Blink             |       |       |       |       |       |       |       |       |     9 ||     9
Evoke: Wand              |       |       |    10 |    22 |     7 |    21 |    11 |     8 |    52 ||   131
       Rod               |       |       |       |    48 |   110 |   109 |   129 |    86 |    78 ||   560
       Deck              |       |       |       |     2 |       |       |       |       |       ||     2
       Box of beasts     |       |       |       |       |       |       |       |     3 |       ||     3
       Sack of spiders   |       |       |       |       |       |       |       |     3 |       ||     3
  Use: Potion            |     3 |     6 |     2 |     1 |     1 |     7 |     4 |     2 |    12 ||    38
       Scroll            |       |     2 |     6 |    21 |    17 |    11 |    12 |    13 |    15 ||    97
 Stab: Sleeping          |       |     2 |       |     2 |     7 |     5 |     4 |       |     3 ||    23
       Distracted        |       |       |     1 |     1 |     9 |     2 |     8 |     3 |    32 ||    56
       Confused          |       |       |       |     1 |       |     2 |       |       |       ||     3
       Paralysed         |       |       |       |       |       |     1 |       |       |     1 ||     2
  Eat: Chunk             |     3 |     8 |    10 |    36 |    53 |    35 |    23 |     4 |       ||   172
       Meat ration       |       |       |     1 |     2 |     5 |     9 |     4 |     4 |     5 ||    30
       Beef jerky        |       |       |     1 |     1 |     2 |     1 |     4 |     2 |     6 ||    17
       Pizza             |       |       |     1 |       |     5 |       |     1 |       |     3 ||    10
       Royal jelly       |       |       |     1 |       |       |       |     1 |     7 |       ||     9
       Bread ration      |       |       |       |       |       |       |     6 |     4 |    13 ||    23
Armor: Skin              |    31 |    40 |   130 |   199 |   249 |   205 |   268 |   235 |   410 ||  1767
Dodge: Dodged            |    53 |    91 |   365 |   443 |   621 |   598 |   607 |   505 |  1915 ||  5198
       Deflected         |       |       |     5 |     6 |    10 |    27 |    22 |    16 |    45 ||   131
Block: Buckler           |    24 |    26 |   170 |   235 |    49 |       |       |       |       ||   504
       Shield            |       |       |       |       |   750 |   794 |  1023 |   850 |  2129 ||  5546
